 Dungeon Crawl Stone Soup version 0.31.0 (webtiles) character file.

Game seed: 5438215924137715716

50254 gelatine the Cleaver (level 14, -18/113 HPs)
             Began as a Demonspawn Fighter on Jan 20, 2024.
             Killed from afar by a smoke demon (39 damage)
             ... with a ball of steam
             ... on level 5 of the Lair of Beasts.
             The game lasted 00:44:00 (11871 turns).

gelatine the Cleaver (Demonspawn Fighter)          Turns: 11871, Time: 00:44:00

Health: -18/113    AC: 33    Str: 22    XL:     14   Next: 19%
Magic:  19/19      EV: 13    Int:  9    God:
Gold:   1370       SH: 23    Dex: 19    Spells: 11/20 levels left

rFire   x . .        y - +8 broad axe of Arof {freeze, *Corrode +Blink Dex+7}
rCold   . . .        A - +0 tower shield
rNeg    + . .        Z - +9 plate armour of the True Pharaoh {rF- Will+ Regen+}
rPois   .            D - +1 helmet
rElec   +            Q - +2 cloak
rCorr   .            (gloves unavailable)
SInv    .            (no boots)
Will    ++...        u - amulet of reflection Stlth
                     e - +5 ring of evasion
HPRegen 1.18/turn    p - ring of positive energy
MPRegen 0.16/turn

%: corrode self (3%), reflection
@: on fire, glowing, studying Fighting
A: claws 3, thin metallic scales 3, ignite blood 1, spiny 2
a: Evoke Blink


You were on level 5 of the Lair of Beasts.
You visited 3 branches of the dungeon, and saw 14 of its levels.
You also visited: Bailey.

You collected 1562 gold pieces.
You spent 192 gold pieces at shops.

Inventory:

Hand Weapons
 o - a +2 hand axe of freezing
 y - the +8 broad axe of Arof (weapon) {freeze, *Corrode +Blink Dex+7}
   (You acquired it on level 3 of the Lair of Beasts)

   Dex+7:     It affects your dexterity (+7).
   +Blink:    It lets you blink.
   *Corrode:  It may corrode you when you take damage.
 K - a +1 broad axe
 T - a +0 hand axe of venom
 X - a +0 broad axe
Missiles
 r - 6 atropa-tipped darts
 C - a throwing net
 I - 2 boomerangs
 M - 6 javelins (quivered)
 R - 45 poisoned darts
 V - a curare-tipped dart
 W - 8 datura-tipped darts
Armour
 v - the +0 chain mail "Huseth" {^Drain Will+++ Regen+ Str+4}
   (You found it on level 3 of the Dungeon)

   Str+4:     It affects your strength (+4).
   Will+++:   It greatly increases your willpower.
   Regen+:    It increases your rate of health regeneration.
   ^Drain:    It drains your maximum health when unequipped.
 A - a +0 tower shield (worn)
 D - a +1 helmet (worn)
 Q - a +2 cloak (worn)
 Z - the +9 plate armour of the True Pharaoh (worn) {rF- Will+ Regen+}
   (You found it on level 2 of the Lair of Beasts)

   rF-:       It makes you vulnerable to fire.
   Will+:     It increases your willpower.
   Regen+:    It increases your rate of health regeneration.
Jewellery
 c - a ring of wizardry
 e - a +5 ring of evasion (left claw)
 g - a ring of wizardry
 p - a ring of positive energy (right claw)
 u - an amulet of reflection (around neck)
Wands
 f - a wand of roots (3)
 E - a wand of mindburst (2)
 O - a wand of charming (5)
 P - a wand of polymorph (12)
 S - a wand of light (2)
 U - a wand of digging (9)
Scrolls
 a - 2 scrolls of identify
 d - a scroll of fear
 l - 3 scrolls of teleportation
 m - 3 scrolls of immolation
 n - 2 scrolls of poison
 z - 2 scrolls of vulnerability
 B - a scroll of enchant weapon
 F - 5 scrolls of fog
 G - 3 scrolls of revelation
 J - a scroll of enchant armour
 L - a scroll of blinking
Potions
 b - 2 potions of attraction
 h - 4 potions of magic
 i - 5 potions of haste
 j - 4 potions of berserk rage
 k - 11 potions of curing
 q - 3 potions of lignification
 s - 4 potions of might
 t - 4 potions of enlightenment
 w - 9 potions of ambrosia
 x - 4 potions of mutation
 H - a potion of brilliance
 N - a potion of heal wounds


   Skills:
 * Level 11.3 Fighting
 * Level 12.5 Axes
 + Level 5.2 Throwing
 * Level 9.3 Armour
 * Level 7.4 Dodging
 + Level 1.5 Stealth
 * Level 10.3 Shields
 + Level 3.5 Spellcasting
 + Level 0.6 Translocations
 + Level 2.7 Fire Magic
 + Level 0.6 Earth Magic
 + Level 2.6 Alchemy
 * Level 6.5 Evocations


You had 11 spell levels left.
You knew the following spells:

 Your Spells              Type           Power      Damage    Failure   Level
a - Blink                 Tloc           4%         N/A       100%        2
b - Passwall              Erth           2%         N/A       100%        3
c - Ignite Poison         Fire/Alch      6%         N/A       100%        4

Your spell library contained the following spells:

 Spells                   Type           Power      Damage    Failure   Level
 Freeze                   Ice            4%         1d3       100%        1
 Magic Dart               Conj           4%         1d3       100%        1
 Call Imp                 Summ           2%         N/A       100%        2
 Cigotuvi's Dreadful Rot  Necr/Alch/Air  6%         N/A       100%        2
 Ensorcelled Hibernation  Hex/Ice        2%         N/A       100%        2
 Jinxbite                 Hex            2%         N/A       100%        2
 Searing Ray              Conj           2%         2d4       100%        2
 Static Discharge         Conj/Air       2%         3-4/arc   100%        2
 Frozen Ramparts          Ice            2%         1d1       100%        3
 Gell's Gravitas          Tloc           2%         N/A       100%        3
 Hailstorm                Conj/Ice       1%         3d5       100%        3
 Swiftness                Air            1%         N/A       100%        3
 Teleport Other           Tloc           2%         N/A       100%        3
 Airstrike                Air            0%         2d(1-17)  100%        4
 Cause Fear               Hex            0%         N/A       100%        4
 Fulminant Prism          Conj/Alch      2%         3d5       100%        4
 Arcjolt                  Conj/Air       0%         1d10      100%        5
 Fireball                 Conj/Fire      2%         3d4       100%        5
 Freezing Cloud           Conj/Ice/Air   0%         6-21      100%        5
 Summon Forest            Summ/Tloc      1%         N/A       100%        5
 Yara's Violent Unravell  Hex/Alch       2%         3d3       100%        5
 Conjure Ball Lightning   Conj/Air       0%         3x3d6     100%        6
 Dispersal                Tloc           1%         N/A       100%        6
 Eringya's Noxious Bog    Alch           3%         4d6       100%        6
 Enfeeble                 Hex            0%         N/A       100%        7
 Summon Hydra             Summ           0%         N/A       100%        7
 Dragon's Call            Summ           0%         N/A       100%        9


Dungeon Overview and Level Annotations

Branches:
Dungeon (8/15)             Temple (1/1) D:4            Lair (5/5) D:8
 Shoals (0/4) Lair:3       Spider (0/4) Lair:2        Slime (0/5) Lair:5
 Bailey (visited)

Altars:
Ashenzari
Cheibriados
Fedhas
Gozag
Hepliaklqana
Kikubaaqudgha
Makhleb
Nemelex Xobeh
Okawaru
Qazlal
Ru
Sif Muna
Trog
Uskayaw
Vehumet
Yredelemnul

Shops:
D:1 !

Annotations:
D:6 Jeremiah
D:8 3 runed translucent doors, VoidStrider's ghost, novice TeAE
Lair:5 3 runed translucent doors, Plazmod's ghost, journeyman DECj


Innate Abilities, Weirdness & Mutations

You have claws for hands.
You are completely covered in thin metallic scales. (AC +4, rElec)
Your demonic aura sometimes causes spilled blood to erupt in flames.
You are mostly covered in sharp spines.


Message History

The pyre arrow hits you.
You are even more covered in intense liquid fire!
The liquid fire burns you! The smoke demon gestures at you.
The ball of steam hits you! The steam scalds you terribly!
You are engulfed in a cloud of scalding steam.
The liquid fire burns you!
The smoke demon is struck by your spines.
The smoke demon hits you but does no damage. x3
You are engulfed in a cloud of scalding steam.
The liquid fire burns you! The smoke demon gestures at you.
Something smites you! The liquid fire burns you!
The smoke demon is struck by your spines.
The smoke demon hits you but does no damage. x3
You are engulfed in a cloud of scalding steam.
The liquid fire burns you!
The smoke demon is struck by your spines.
The smoke demon hits you but does no damage. x2
The smoke demon hits you.
You are engulfed in a cloud of scalding steam.
The liquid fire burns you!
The smoke demon hits you but does no damage. x3
The liquid fire burns you!
* * * LOW HITPOINT WARNING * * *
The smoke demon gestures at you. The ball of steam hits you!
The steam scalds you terribly!
* * * LOW HITPOINT WARNING * * *
You turn to flesh and can move again.
You hit the smoke demon. You freeze the smoke demon.
The smoke demon is severely wounded.
You are engulfed in a cloud of scalding steam.
The liquid fire burns you!
* * * LOW HITPOINT WARNING * * *
You block the smoke demon's attack. x2
The smoke demon hits you but does no damage.
The smoke demon gestures at you. The ball of steam hits you!!!
The steam scalds you terribly!
You die...

##♣#
#.... ♣♣
##P.. .♣
♣#...
♣♣.♣ ♣
♣..##
♣..♣ ..
♣♣♣#
♣..♣♣ ...
♣♣...♣..♣
♣.††...♣
♣§@3♣
♣♣.♣♣
♣♣.♣ ♣..♣
.♣ ♣.♣♣
.♣♣ ♣÷♣♣
.. ♣..♣♣
♣.♣ ♣...♣
..♣
♣♣..♣♣..♣


You could see a smoke demon.

Vanquished Creatures
  5 hydras
  11 death yaks
  A skyshark (Lair:5)
  3 lindwurms
  An ugly thing (Lair:5)
  2 oklob plants (Lair:5)
  5 elephants
  A merfolk siren (Lair:3)
  4 black mambas
  21 cane toads
  A black mamba (shapeshifter) (Lair:5)
  2 torpor snails
  13 komodo dragons
  4 rime drakes
  4 burning bushes (Lair:3)
  4 polar bears
  A queen bee (Lair:2)
  22 blink frogs
  A raiju (Lair:5)
  11 dream sheep (Lair:5)
  Sigmund (D:2)
  38 yaks
  A spriggan (shapeshifter) (Lair:5)
  A wyvern (Lair:3)
  4 basilisks
  2 chaos spawn (Lair:5)
  16 water moccasins
  5 orc warriors
  2 ice beasts
  A sky beast (D:5)
  5 black bears
  14 wolves
  An ogre (D:5)
  2 centaurs (D:8)
  16 bullfrogs
  8 kobold brigands
  8 small abominations (Lair:5)
  2 scorpions
  27 killer bees
  5 hounds
  3 jellies
  4 orc priests
  Crazy Yiuf (D:6)
  A sleepcap (D:8)
  2 iguanas
  4 orc wizards
  10 adders
  4 gnolls
  2 shadow imps
  A white imp (D:5)
  A dart slug (D:4)
  3 ribbon worms
  23 orcs
  6 ball pythons
  7 endoplasms
  5 giant cockroaches
  10 goblins
  11 hobgoblins
  3 jackals (D:2)
  41 kobolds
  7 quokkas
  8 bats
  4 frilled lizards
  4 rats
441 creatures vanquished.

Notes
Turn   | Place    | Note
-------+----------+-------------------------------------------
     0 | D:1      | gelatine the Demonspawn Fighter began the quest for the
                  | Orb.
     0 | D:1      | Reached XP level 1. HP: 18/18 MP: 1/1
    33 | D:1      | Found Xoruocu's Distillery.
   132 | D:1      | Gained mutation: You are partially covered in sharp spines.
                  | [demonic ancestry]
   132 | D:1      | Reached XP level 2. HP: 24/24 MP: 2/2
   321 | D:1      | Reached skill level 2 in Axes
   435 | D:2      | Noticed Sigmund
   447 | D:2      | Killed Sigmund
   448 | D:2      | Reached skill level 1 in Dodging
   448 | D:2      | Reached skill level 1 in Spellcasting
   448 | D:2      | Reached XP level 3. HP: 21/30 MP: 2/4
   448 | D:2      | Gained mutation: You are partially covered in thin metallic
                  | scales. (AC +2) [demonic ancestry]
   448 | D:2      | Reached XP level 4. HP: 26/37 MP: 2/5
   448 | D:2      | Gained mutation: You are mostly covered in sharp spines.
                  | [demonic ancestry]
   448 | D:2      | Reached XP level 5. HP: 29/42 MP: 2/6
   590 | D:2      | Reached skill level 3 in Axes
  1046 | D:2      | Reached XP level 6. HP: 48/48 MP: 8/8
  1369 | D:3      | Found a hazy altar of Hepliaklqana.
  1419 | D:3      | Identified the +0 chain mail "Huseth" {^Drain Will+++
                  | Regen+ Str+4}
  1872 | D:3      | Found a basalt altar of Yredelemnul.
  2382 | D:3      | Found a blossoming altar of Fedhas.
  2382 | D:3      | Found a burning altar of Makhleb.
  2383 | D:3      | Found a sparkling altar of Nemelex Xobeh.
  2889 | D:4      | Found a shimmering blue altar of Sif Muna.
  2891 | D:4      | Found a bloodstained altar of Trog.
  3170 | D:4      | Found a staircase to the Ecumenical Temple.
  3180 | Temple   | Entered the Ecumenical Temple
  3205 | D:4      | Found a hide-covered altar of Uskayaw.
  3541 | D:5      | Entered Level 5 of the Dungeon
  3549 | D:5      | Reached skill level 4 in Axes
  3554 | D:5      | Reached XP level 7. HP: 11/54 MP: 9/9
  3555 | D:5      | HP: 2/54 [iguana (11)]
  3631 | D:1      | Bought a potion of might for 48 gold pieces
  3631 | D:1      | Bought a potion of curing for 36 gold pieces
  3631 | D:1      | Bought a potion of curing for 36 gold pieces
  3631 | D:1      | Bought a potion of curing for 36 gold pieces
  3631 | D:1      | Bought a potion of curing for 36 gold pieces
  3925 | D:5      | Identified the +4 quarterstaff of Spring {drain, Int+4}
  4034 | D:5      | Found a stormy altar of Qazlal.
  4201 | D:6      | Reached skill level 5 in Axes
  4201 | D:6      | Gained mutation: You have sharp fingernails. [demonic
                  | ancestry]
  4201 | D:6      | Reached XP level 8. HP: 61/61 MP: 11/11
  4256 | D:6      | Noticed Jeremiah
  4576 | D:6      | Reached skill level 1 in Throwing
  4694 | D:6      | Reached skill level 5 in Fighting
  4755 | D:6      | Found a runed translucent door.
  4756 | D:6      | Noticed Crazy Yiuf
  4766 | D:6      | Killed Crazy Yiuf
  5083 | D:7      | Reached skill level 5 in Shields
  5131 | D:7      | Reached skill level 6 in Axes
  5131 | D:7      | Reached skill level 5 in Armour
  5316 | D:7      | Gained mutation: You have very sharp fingernails. [demonic
                  | ancestry]
  5316 | D:7      | Reached XP level 9. HP: 64/68 MP: 13/13
  5518 | D:8      | Found a flagged portal.
  5547 | Bailey   | Entered a bailey
  5726 | Bailey   | Found a bloodstained altar of Trog.
  5932 | D:8      | Learned a level 2 spell: Blink
  5936 | D:8      | Learned a level 3 spell: Passwall
  5941 | D:8      | Learned a level 4 spell: Ignite Poison
  6102 | D:8      | Noticed a komodo dragon
  6128 | D:8      | Killed a komodo dragon
  6142 | D:8      | Noticed a komodo dragon
  6149 | D:8      | Reached skill level 7 in Axes
  6149 | D:8      | Reached skill level 1 in Evocations
  6162 | D:8      | Killed a komodo dragon
  6163 | D:8      | Gained mutation: You have claws for hands. [demonic
                  | ancestry]
  6163 | D:8      | Reached XP level 10. HP: 34/76 MP: 15/15
  6225 | D:8      | Found a staircase to the Lair.
  6447 | D:8      | Found a runed translucent gate.
  6448 | D:8      | Found a runed translucent gate.
  6448 | D:8      | Found a runed translucent gate.
  6521 | D:8      | Noticed VoidStrider's ghost (novice TeAE)
  6738 | Lair:1   | Entered Level 1 of the Lair of Beasts
  6751 | Lair:1   | Reached skill level 1 in Stealth
  6752 | Lair:1   | Noticed a cane toad
  6761 | Lair:1   | Killed a cane toad
  6768 | Lair:1   | Noticed a cane toad
  6784 | Lair:1   | Killed a cane toad
  6920 | Lair:1   | Noticed a torpor snail
  6940 | Lair:1   | Killed a torpor snail
  6949 | Lair:1   | Reached skill level 8 in Axes
  7035 | Lair:1   | Noticed a death yak
  7035 | Lair:1   | Noticed a death yak
  7037 | Lair:1   | Noticed a death yak
  7114 | Lair:1   | Killed a death yak
  7115 | Lair:1   | Gained mutation: You are mostly covered in thin metallic
                  | scales. (AC +3) [demonic ancestry]
  7115 | Lair:1   | Reached XP level 11. HP: 84/84 MP: 16/16
  7127 | Lair:1   | Killed a death yak
  7133 | Lair:1   | Killed a death yak
  7142 | Lair:1   | Reached skill level 5 in Dodging
  7343 | Lair:1   | Reached skill level 9 in Axes
  7451 | Lair:1   | Reached skill level 1 in Alchemy
  7647 | Lair:1   | Reached skill level 1 in Fire Magic
  8113 | Lair:2   | Noticed a four-headed hydra
  8148 | Lair:2   | Killed a five-headed hydra
  8174 | Lair:2   | Gained mutation: You are completely covered in thin
                  | metallic scales. (AC +4, rElec) [demonic ancestry]
  8174 | Lair:2   | Reached XP level 12. HP: 33/94 MP: 17/17
  8537 | Lair:2   | Found a hole to the Spider Nest.
  8623 | Lair:2   | Identified the +9 plate armour of the True Pharaoh {rF-
                  | Will+ Regen+}
  9255 | Lair:3   | Identified a scroll of acquirement
  9255 | Lair:3   | Acquired the +8 broad axe of Arof {freeze, *Corrode +Blink
                  | Dex+7}
  9338 | Lair:3   | Reached skill level 10 in Axes
  9459 | Lair:3   | Found a staircase to the Shoals.
  9573 | Lair:3   | Noticed a six-headed hydra
  9581 | Lair:3   | Killed a six-headed hydra
 10136 | Lair:4   | Reached skill level 5 in Evocations
 10175 | Lair:4   | Noticed a four-headed hydra
 10185 | Lair:4   | Killed a five-headed hydra
 10291 | Lair:4   | Reached skill level 5 in Throwing
 10365 | Lair:4   | Reached XP level 13. HP: 102/102 MP: 18/18
 10457 | Lair:4   | Reached skill level 11 in Axes
 10914 | Lair:5   | Entered Level 5 of the Lair of Beasts
 10999 | Lair:5   | Reached skill level 10 in Fighting
 11213 | Lair:5   | Reached skill level 12 in Axes
 11321 | Lair:5   | Found a runed translucent gate.
 11321 | Lair:5   | Found a runed translucent gate.
 11321 | Lair:5   | Found a runed translucent gate.
 11327 | Lair:5   | Noticed Plazmod's ghost (journeyman DECj)
 11367 | Lair:5   | Found a staircase to the Slime Pits.
 11375 | Lair:5   | Reached skill level 10 in Shields
 11471 | Lair:5   | Gained mutation: Your demonic aura sometimes causes spilled
                  | blood to erupt in flames. [demonic ancestry]
 11471 | Lair:5   | Reached XP level 14. HP: 113/113 MP: 19/19
 11523 | Lair:5   | Got the Discursus on Gusts
 11871 | Lair:5   | Killed from afar by a smoke demon

Illustrated notes

Levels and vault maps discovered:
D:1:      zelgadis_glass_arrival_small, layout_rooms, serial_shops,
          nicolae_shop_industrial_runoff
D:2:      minmay_thinvault, layout_loops_ring, nicolae_the_louvre, uniq_sigmund
D:3:      layout_basic, nicolae_overflow_hidden_temple,
          mainiacjoe_overflow_six_doors_small,
          gammafunk_temple_overflow_forgotten, lemuel_crystal_altar,
          st_stairs_9, nicolae_grassy_gnolls
D:4:      layout_basic, hellmonk_overflow_destroyed_library,
          lemuel_crystal_altar, minmay_temple_entry_grid
D:5:      layout_cave_pools, nicolae_qazlal_beasts_of_the_sky
D:6:      layout_rooms, uniq_jeremiah, uniq_crazy_yiuf_cottage
D:7:      kennysheep_kobold_camp, layout_cave_pools,
          chequers_serial_rivers_room_a
D:8:      layout_basic, due_lair_maze_entry_diamond, enter_bailey_7,
          ebering_ghost_rock_garden, minmay_manual_mares
Temple:   compressed_dpeg_triangle_lava_temple
Lair:1:   layout_cave_pods, grunt_megastairs_3
Lair:2:   layout_gridlike, dummy_spider_entry, special_room [special_room_bee],
          grunt_megastairs_5
Lair:3:   layout_regular_city, minmay_shoals_entry_lonely_mermaid,
          evilmike_ambush [evilmike_ambush_outer_basic,
          evilmike_ambush_inner_wall_1], serial_bayou_shore_b,
          grunt_megastairs_1, infiniplex_staircase_pool_2
Lair:4:   layout_roguey
Lair:5:   hellmonk_lair_end_abyssal_woods, layout_misc_corridors, slime_entry_1,
          gammafunk_ghost_necromancy

Skill      XL: |  1  2  3  4  5  6  7  8  9 10 11 12 13 |
---------------+----------------------------------------+-----
Armour         | 3 4 5 6 7 8 9 |  9.3
Axes           | 2 3 4 5 6 7 8 9 10 12 | 12.5
Dodging        | 1 2 3 4 5 6 7 |  7.4
Shields        | 3 4 5 6 7 8 10 | 10.3
Spellcasting   | 1 2 3 |  3.5
Fighting       | 4 5 6 7 8 9 11 | 11.3
Throwing       | 1 2 3 5 |  5.2
Evocations     | 1 3 4 5 6 |  6.5
Stealth        | 1 |  1.5
Alchemy        | 2 |  2.6
Fire Magic     | 1 2 |  2.7
Translocations | |  0.6
Earth Magic    | |  0.6

Action                     |  1- 3 |  4- 6 |  7- 9 | 10-12 | 13-15 || total
---------------------------+-------+-------+-------+-------+-------++-------
  Melee: Hand axe          |    42 |   150 |   324 |   368 |       ||   884
         Broad axe         |       |       |       |    96 |   230 ||   326
  Throw: Dart              |       |     8 |     2 |       |       ||    10
         Javelin           |       |       |    21 |    68 |    27 ||   116
         Boomerang         |       |       |    19 |    93 |       ||   112
  Evoke: Wand              |       |       |       |     5 |       ||     5
    Use: Potion            |     1 |       |     2 |       |       ||     3
         Scroll            |       |     4 |     9 |    14 |     1 ||    28
   Stab: Invisible         |       |       |       |     1 |       ||     1
 Armour: Scale mail        |    24 |    52 |       |       |       ||    76
         Chain mail        |       |    51 |   173 |   167 |       ||   391
         Plate armour      |       |       |       |    92 |   184 ||   276
  Dodge: Dodged            |    18 |    50 |    99 |   272 |   117 ||   556
  Block: Buckler           |    12 |    34 |   164 |   300 |       ||   510
         Reflection        |       |       |    10 |     8 |     4 ||    22
         Tower shield      |       |       |       |    10 |   385 ||   395
